 Dungeon Crawl Stone Soup version 0.19-a0-936-gcfeccc4 (webtiles) character file.

116 Sixotanaka the Slasher (level 4, 0/29 HPs)
             Began as a High Elf Skald on July 7, 2016.
             Succumbed to an adder's poison
             ... on level 3 of the Dungeon.
             The game lasted 00:04:41 (3059 turns).

Sixotanaka the Slasher (High Elf Skald)             Turns: 3059, Time: 00:04:42

Health: 0/29       AC:  3    Str: 11 (12) XL:     4   Next: 69%
Magic:  0/8        EV: 11    Int: 13 (16) God:
Gold:   85         SH:  0    Dex: 13 (14) Spells: 3 memorised, 1 level left

rFire  . . .     SeeInvis .     a - +0 falchion
rCold  . . .     Gourm    .     b - +0 leather armour
rNeg   . . .     Faith    .     (no shield)
rPois  .         Spirit   .     (no helmet)
rElec  .         Dismiss  .     (no cloak)
rCorr  .         Reflect  .     (no gloves)
SustAt .         Harm     .     (no boots)
MR     .....                    m - amulet of rage
Stlth  +.........               (no ring)
                                (no ring)

@: lethally poisoned (0 -> -6), infused, very slightly contaminated, not
resistant to hostile enchantments, very unstealthy
A: no striking features
a: Evoke Berserk Rage


You were on level 3 of the Dungeon.
You were not hungry.

You visited 1 branch of the dungeon, and saw 3 of its levels.

You collected 85 gold pieces.


   Skills:
 - Level 2.0 Fighting
 * Level 5.8 Long Blades
 - Level 0.8 Armour
 - Level 1.1 Dodging
 - Level 2.4 Spellcasting
 + Level 3.9 Charms


You had one spell level left.
You knew the following spells:

 Your Spells              Type           Power        Failure   Level  Hunger
a - Shroud of Golubria    Chrm/Tloc      #.........   21%         2    ###....
c - Spectral Weapon       Hex/Chrm       #.......     43%         3    ###....
z - Infusion              Chrm           ##..         8%          1    #......


Dungeon Overview and Level Annotations

Branches:
Dungeon (3/15)

Altars:

Annotations:
D:3 Terence

Inventory:

Hand Weapons
 a - a +0 falchion (weapon)
 f - a +1 dagger of freezing
   (You took it off a kobold on level 1 of the Dungeon)
Missiles
 e - 4 tomahawks (quivered)
 g - 5 needles of confusion
 h - 7 javelins of penetration
 k - 27 poisoned needles
Armour
 b - a +0 leather armour (worn)
Jewellery
 m - an amulet of rage (around neck)
   (You found it on level 2 of the Dungeon)
Scrolls
 j - a scroll of recharging {unknown}
 l - a scroll of teleportation {unknown}
 n - 3 scrolls of remove curse {unknown}
 p - a scroll of identify {unknown}
Potions
 i - a potion of degeneration {!q}
Books
 c - a book of Battle
 o - a book of Air
   (You found it on level 2 of the Dungeon)
Comestibles
 d - 2 bread rations {@e1}
 q - 5 chunks of flesh

.#$#.##......
8#8........#
..........# #.........#
#.........# #...(.....#
#...)...... #.r........
#@###...... #.S........
#.......#>...
#.............###+
#.....###.....#...
#.....###.....#...
######.................
#............#.........
###....................


You could see an adder and a rat.


Message History

You kill the adder!
The rat bites you but does no damage.
An adder comes into view.
Things that are here:
a hand axe; a ring mail; 2 stones The adder hisses angrily.
You hit the rat but do no damage. The rat bites you.
You hit the rat but do no damage.
Your shroud bends the rat's attack away.
You barely miss the rat. The rat bites you but does no damage.
You closely miss the rat.
Your shroud begins to fray at the edges.
The rat misses you.
You barely miss the rat. The adder barely misses you.
You riposte.
You hit the adder. The rat closely misses you.
You miss the adder. The adder bites you.
* * * LOW HITPOINT WARNING * * *
You are poisoned.
The adder poisons you! The rat bites you but does no damage.
The adder bites you.
* * * LOW HITPOINT WARNING * * *
You are lethally poisoned!
The adder poisons you!
Your shroud falls apart!
It was a potion of degeneration.
There was something very wrong with that liquid.
You feel weakened.
You feel dopey.
You feel clumsy.
* * * LOW HITPOINT WARNING * * *
You feel sick. The rat bites you.
* * * LOW HITPOINT WARNING * * *
The adder bites you.
* * * LOW HITPOINT WARNING * * *
Unknown command.
You barely miss the adder.
* * * LOW HITPOINT WARNING * * *
You feel sick. The adder closely misses you. The rat bites you.
* * * LOW HITPOINT WARNING * * *
Unknown command.
Okay, then.
Okay, then.
You barely miss the adder.
* * * LOW HITPOINT WARNING * * *
You feel sick. The adder closely misses you. The rat barely misses you.
The adder closely misses you.
You barely miss the adder. The rat bites you but does no damage.
The adder misses you.
Your leather armour prevents you from hitting the adder.
You die...

Vault maps used:
D:1:      dpeg_arrival_court
D:2:      minmay_octomino_c4
D:3:      portal_sewer_entry_e, minmay_statues_item, uniq_terence, uniq_sigmund,
          uniq_natasha

Vanquished Creatures
  2 adders
  A gnoll (D:1)
  A worm (D:2)
  3 dart slugs
  4 giant geckos
  2 orcs (D:3)
  5 ball pythons
  5 giant cockroaches
  3 hobgoblins
  10 jackals
  7 kobolds
  A quokka (D:2)
  9 bats
  4 giant newts
  5 goblins
  7 rats
69 creatures vanquished.

Table legend:
 A = Turns spent in this place as a percentage of turns spent in the entire game.
 B = Non-inter-level travel turns spent in this place as a percentage of non-inter-level travel turns spent in the entire game.
 C = Inter-level travel turns spent in this place as a percentage of turns spent in this place.
 D = Turns resting spent in this place as a percentage of non-inter-level travel turns spent in this place.
 E = Turns spent auto-exploring this place as a percentage of non-inter-level travel turns spent in this place.
 F = Non-inter-level travel turns spent in this place divided by the number of levels of this place that you've seen.
                   A       B       C       D       E      F
               +-------+-------+-------+-------+-------+----------------------
         Total | 100.0 | 100.0 |   0.4 |   8.6 |  10.8 | 260.0
       Dungeon | 100.0 | 100.0 |   0.4 |   8.6 |  10.8 | 260.0
               +-------+-------+-------+-------+-------+----------------------

Table legend:
 A = Kills in this place as a percentage of kills in entire the game.
 B = Kills by you in this place as a percentage of kills by you in the entire game.
 C = Kills by friends in this place as a percentage of kills by friends in the entire game.
 D = Other kills in this place as a percentage of other kills in the entire game.
 E = Experience gained in this place as a percentage of experience gained in the entire game.
 F = Experience gained in this place divided by the number of levels of this place that you have seen.
                   A       B       C       D       E      F
               +-------+-------+-------+-------+-------+----------------------
         Total | 100.0 | 100.0 |  -nan |  -nan | 100.0 |  55.3
       Dungeon | 100.0 | 100.0 |  -nan |  -nan | 100.0 |  55.3
               +-------+-------+-------+-------+-------+----------------------

Notes
Turn   | Place    | Note
-------+----------+-------------------------------------------
     0 | D:1      | Sixotanaka the High Elf Skald began the quest for the Orb.
     0 | D:1      | Reached XP level 1. HP: 14/14 MP: 4/4
   239 | D:1      | Reached skill level 3 in Long Blades
   269 | D:1      | Reached XP level 2. HP: 16/19 MP: 0/6
   290 | D:1      | Learned a level 2 spell: Shroud of Golubria
   429 | D:1      | Reached skill level 4 in Long Blades
   497 | D:1      | HP: 3/19 [rat (2)]
   866 | D:1      | Reached XP level 3. HP: 24/24 MP: 7/7
  1818 | D:2      | Reached skill level 5 in Long Blades
  2038 | D:2      | Reached XP level 4. HP: 17/29 MP: 8/8
  2216 | D:2      | Learned a level 3 spell: Spectral Weapon
  2931 | D:3      | Noticed Terence
  3054 | D:3      | HP: 7/29 [adder (5)]
  3056 | D:3      | HP: 3/29 [poisoned by an adder]
  3057 | D:3      | HP: 1/29 [poisoned by an adder]
  3059 | D:3      | Succumbed to an adder's poison

Action                   |  1- 3 |  4- 6 || total
-------------------------+-------+-------++-------
Melee: Falchion          |   147 |    92 ||   239
       Dagger            |    10 |       ||    10
 Cast: Infusion          |     7 |     4 ||    11
       Shroud of Golubri |     2 |     2 ||     4
  Use: Potion            |       |     1 ||     1
 Stab: Sleeping          |     1 |       ||     1
  Eat: Chunk             |     4 |     2 ||     6
       Meat ration       |       |     1 ||     1
Armor: Leather armour    |    38 |    24 ||    62
Dodge: Dodged            |    77 |    44 ||   121
